Ben, chaotic male elven Wizard ... .--- .ddd. - --.--....| . ->d@@. --.-----------------.......)----.... |..d-- --........)))%...........)..)%....... .... (.- ---.--- 0 ...........)---------.....----....... ...........| |...| |...........-- --.---.-- |....- .%........----.--- --.............. ..%----- -...| ................| --...................--- -<..---........^...----- 0 |...............--.....--- .........-- .......-- |..........---..--.......| -.......-- ....|...| --....*...- |...........| ....|..-- -.----.-- 0 --........| |...........| -.|. --..| - --- |...-...- ---........-- |..| .......| ---......| --- -.--.--- --...--- - --- --.-- --- Ben the Thaumaturge Experience level: 7 Strength: 10 Dexterity: 15 Constitution: 13 Intelligence: 20 Wisdom: 10 Charisma: 11 Health: 0(51) Energy: 57(67) AC: 2 Gold: 168 Moves: 2365 Your Inventory: Coins $ - 168 gold pieces Weapons a - a blessed +1 quarterstaff L - an uncursed +4 dagger of warning (weapon in hand) Armor b - an uncursed +0 cloak of magic resistance (being worn) w - an [uncursed] +0 pair of hard shoes [iron] (being worn) z - an [uncursed] +0 studded leather armor (being worn) A - a blessed +1 orcish helm (being worn) Comestibles t - a [blessed] tin [of spinach] Scrolls J - an uncursed scroll of create monster Spellbooks k - a blessed spellbook of force bolt l - an uncursed spellbook of detect unseen H - an [uncursed] chartreuse spellbook [of finger of death] Potions g - an uncursed potion of see invisible M - a blessed potion of full healing Rings e - an uncursed ring of poison resistance (on left hand) B - an uncursed ring of regeneration (on right hand) Wands c - an uncursed wand of light (0:10) Tools R - an [uncursed] partly used [tallow] candle (lit) Gems I - an uncursed worthless piece of yellowish brown glass K - an [uncursed] blue gem [sapphire] N - an [uncursed] black gem [worthless glass] P - an uncursed worthless piece of white glass Spells known in the end: Name Level Category Fail Memory a - force bolt 1 attack 3% [||||||||] b - detect unseen 3 divination 81% [||||||||] Your skills at the end: Fighting Skills Weapon Skills quarterstaff [Basic / Expert] Spellcasting Skills attack spells [Basic / Expert] enchantment spells [Basic / Skilled] Final Attributes: You were piously aligned. Hunger level was 479. Your alignment was 21 / 21. Monster difficulty range was 1 - 6. Level difficulty was 6. You were immune to sleep. You were immune to poison. You were magic-protected. You saw invisible. You were warned. You had infravision. You regenerated. Your luck was zero. You are dead. Vanquished creatures: a blue jelly 6 Mordor orcs a pony a shrieker 8 gnome lords a gray ooze a kitten 10 dwarves a coyote 3 hobbits 2 manes a hobgoblin a brown mold a green mold 36 gnomes a gnome zombie 3 geckos 4 jackals 5 goblins a grid bug 3 lichens a kobold zombie 2 newts 94 creatures vanquished. Voluntary challenges: You used a wielded weapon 102 times. You read items or engraved 4 times. You put on armor 13 times. You never genocided any monsters. You never polymorphed an object. You never changed form. You used no wishes. You never wrote Elbereth's name. You never encountered a bones level. You never used any Sokoban shortcuts. Dungeon overview: The Dungeons of Doom: levels 1 to 2 Level 1 a sink a long staircase Level 2 stairs to The Gnomish Mines The Gnomish Mines: levels 3 to 6 Level 3 stairs to The Dungeons of Doom Level 5 some shops, a temple, a magic chest, some fountains, some trees Level 6 <- You were here History has recorded: On T:1 you entered the Dungeons of Doom to retrieve the Amulet of Yendor! On T:167 you advanced to experience level 2. On T:294 you reached level 2 of The Dungeons of Doom. On T:423 you advanced to experience level 3. On T:747 you advanced to experience level 4. On T:767 you reached level 1 of The Gnomish Mines. On T:798 you advanced to experience level 5. On T:983 you advanced to experience level 6. On T:1248 you reached level 2 of The Gnomish Mines. On T:1533 you advanced to experience level 7. On T:1619 you reached level 3 of The Gnomish Mines. On T:2044 you reached level 4 of The Gnomish Mines. Latest messages: You feel a wrenching sensation. Your candle's flame burns brightly! You aren't sure you're doing this the right way... You miss the werewolf. The werewolf summons help! The werewolf hits! [HP-6=45] The spell misses the wolf. The winter wolf bites! The wolf misses. The wolf bites! (3x) The werewolf hits! [HP-25=20] The spell misses the wolf. The winter wolf bites! The wolf bites! (3x) You die... Final status: Goodbye Ben the Wizard... You died in The Gnomish Mines on dungeon level 6 with 2518 points, and 168 pieces of gold, after 2365 moves. You were level 7 with a maximum of 51 hit points when you died.